 Dungeon Crawl Stone Soup version 0.30.1-1-g62c8e00024 (webtiles) character file.

Game seed: 4844185790748711473

130 Peloso the Covered (level 4, -1/40 HPs)
             Began as a Minotaur Fighter on July 14, 2023.
             Succumbed to an orc's poison
             ... on level 2 of the Dungeon.
             The game lasted 00:02:54 (2009 turns).

Peloso the Covered (Minotaur Fighter)               Turns: 2009, Time: 00:02:57

Health: -1/40      AC:  8    Str: 21    XL:     4   Next: 90%
Magic:  3/3        EV:  9    Int:  5    God:
Gold:   69         SH:  4    Dex: 11    Spells: 3/3 levels left

rFire   . . .        a - +1 long sword
rCold   . . .        c - +0 buckler
rNeg    . . .        b - +1 scale mail
rPois   .            (helmet restricted)
rElec   .            (no cloak)
rCorr   .            (no gloves)
SInv    .            (no boots)
Will    .....        (no amulet) Stlth
                     (no ring)
HPRegen 0.26/turn    (no ring)
MPRegen 0.08/turn

%: no passive effects
@: lethally poisoned (-1 -> -10)
A: horns 2, retaliatory headbutt
a: no special abilities


You were on level 2 of the Dungeon.
You visited 1 branch of the dungeon, and saw 3 of its levels.

You collected 69 gold pieces.

Inventory:

Hand Weapons
 a - a +1 long sword (weapon)
Armour
 b - a +1 scale mail (worn)
 c - a +0 buckler (worn)
Jewellery
 h - a ring of magical power
 k - a ring of willpower
Scrolls
 f - a scroll of magic mapping
 g - a scroll of enchant armour
 i - a scroll of fog
 j - a scroll of vulnerability {unknown}
Potions
 d - a potion of might
 e - a potion of heal wounds


   Skills:
 + Level 4.2 Fighting
 + Level 4.2 Long Blades
 + Level 4.7 Armour
 + Level 0.6 Dodging
 + Level 4.2 Shields


You had 3 spell levels left.
You didn't know any spells.
Your spell library contained the following spells:

 Spells                   Type           Power      Damage    Failure   Level
 Hailstorm                Conj/Ice       0%         3d3       99%         3
 Ice Form                 Ice/Tmut       0%         N/A       100%        4
 Simulacrum               Ice/Necr       0%         N/A       100%        6


Dungeon Overview and Level Annotations

Branches:
Dungeon (3/15)

Altars:


Innate Abilities, Weirdness & Mutations

You have a pair of horns on your head.
You reflexively headbutt those who attack you in melee.


Message History

Your Long Blades skill increases to level 4!
The orc wizard attacks as you move away!
The orc wizard hits you with a +0 dagger.
* * * LOW HITPOINT WARNING * * *
You feel sick. The orc misses you.
The orc wizard attacks as you move away!
The orc wizard hits you but does no damage.
You feel sick.
The orc throws a boomerang.
The boomerang hits you but does no damage.
The orc wizard casts a spell at you.
The magic dart hits you but does no damage.
Okay, then.
You feel sick.
The orc wizard mumbles some strange words.
The orc wizard flickers and vanishes!
Deactivating autopickup; reactivate with Ctrl-A.
You feel sick.
The ball python bites you but does no damage.
The ball python grabs you. The ball python constricts you.
* * * LOW HITPOINT WARNING * * *
You escape the ball python's grasp.
You feel sick.
You feel sick.
You feel sick.
You are no longer poisoned.
The ball python attacks as you move away!
The ball python bites you but does no damage.
There is a stone staircase leading up here.
The ball python bites you but does no damage.
The ball python grabs you.
You stop ascending the stairs.
The ball python constricts you.
The ball python bites you but does no damage.
The ball python constricts you.
Unknown command.
You escape the ball python's grasp.
The orc hits you from afar with a +0 spear of venom.
* * * LOW HITPOINT WARNING * * *
You are lethally poisoned!
You climb upwards.
Reactivating autopickup.
You die...

########### #.........#
#.........# #.........#
#####..#..#### # ###
#.....###.############ ###
..#####.#######............####..
.....#...........................
..........(##...@########......#.
..............).S)..#............
......#.#####.#................##
......#.##....#.#....###.......##
...........##.....#### ##........
(.....#.####..#.### #..†....##
........# #.##># ##.......#
<......#####.##.#######[.......##
.†....###....##.........#########


You could see a ball python.

Vanquished Creatures
  An orc wizard (D:3)
  3 gnolls
  3 adders
  A dart slug (D:1)
  3 endoplasms (D:1)
  2 giant cockroaches
  5 goblins
  2 hobgoblins (D:1)
  9 jackals
  A quokka (D:2)
  4 ball pythons
  2 bats (D:3)
  5 frilled lizards
  5 kobolds
  3 rats
49 creatures vanquished.

Notes
Turn   | Place    | Note
-------+----------+-------------------------------------------
     0 | D:1      | Peloso the Minotaur Fighter began the quest for the Orb.
     0 | D:1      | Reached XP level 1. HP: 19/19 MP: 0/0
   299 | D:1      | Reached XP level 2. HP: 25/27 MP: 1/1
  1049 | D:2      | Reached XP level 3. HP: 21/33 MP: 2/2
  1423 | D:2      | Reached XP level 4. HP: 40/40 MP: 3/3
  2009 | D:2      | Succumbed to an orc's poison

Illustrated notes

Levels and vault maps discovered:
D:1:      amcnicky_arrival_double_pillar, layout_basic
D:2:      layout_rooms, minmay_misc_feat_chi
D:3:      layout_basic, gammafunk_ghost_grave

Skill      XL: |  1  2  3  4 |
---------------+-------------+-----
Armour         | 4 |  4.7
Shields        | 4 |  4.2
Fighting       | 4 |  4.2
Long Blades    | 3 4 |  4.2
Dodging        | |  0.6

Action                     |  1- 3 |  4- 6 || total
---------------------------+-------+-------++-------
  Melee: Long sword        |    93 |    30 ||   123
         Headbutt          |    14 |     8 ||    22
    Use: Scroll            |     5 |     1 ||     6
         Potion            |     3 |       ||     3
 Armour: Scale mail        |    70 |    26 ||    96
  Dodge: Dodged            |    45 |    22 ||    67
  Block: Buckler           |    26 |     7 ||    33
